 Dungeon Crawl Stone Soup version 0.29.1-12-g30fa7ad0bf (webtiles) character file.

Game seed: 5897075894889730684

1 cdecastro the Caller (level 1, 0/13 HPs)
             Began as a Barachi Summoner on Jan 15, 2023.
             Slain by a quokka (2 damage)
             ... on level 1 of the Dungeon.
             The game lasted 00:00:28 (63 turns).

cdecastro the Caller (Barachi Summoner)               Turns: 63, Time: 00:00:28

Health: 0/13       AC:  2    Str:  9    XL:     1   Next: 20%
Magic:  1/3        EV: 12    Int: 15    God:
Gold:   5          SH:  0    Dex: 12    Spells: 3/4 levels left

rFire   . . .      SeeInvis .   c - +0 whip
rCold   . . .      Faith    .   (no shield)
rNeg    . . .      Spirit   .   a - +0 robe
rPois   .          Reflect  .   (no helmet)
rElec   .          Harm     .   (no cloak)
rCorr   .          Rampage  .   (no gloves)
Will    .....                   (no boots)
Stlth   ++........              (no amulet)
HPRegen 0.04/turn               (no ring)
MPRegen 0.08/turn               (no ring)

@: slow
A: amphibious, slowness 1, strong legs 1, +LOS
a: Hop


You were on level 1 of the Dungeon.
You visited 1 branch of the dungeon, and saw 1 of its levels.

You collected 5 gold pieces.

Inventory:

Hand Weapons
 c - a +0 whip (weapon)
Armour
 a - a +0 robe (worn)
Potions
 b - a potion of magic


   Skills:
 - Level 2.1 Dodging
 - Level 1.7 Stealth
 - Level 2.1 Spellcasting
 + Level 4.9 Summonings


You had 3 spell levels left.
You knew the following spells:

 Your Spells              Type           Power      Damage    Failure   Level
a - Summon Small Mammal   Summ           64%        N/A       3%          1

Your spell library contained the following spells:

 Spells                   Type           Power      Damage    Failure   Level
 Call Imp                 Summ           16%        N/A       4%          2
 Call Canine Familiar     Summ           16%        N/A       9%          3
 Summon Guardian Golem    Hex/Summ       9%         N/A       24%         3
 Summon Lightning Spire   Summ/Air       9%         N/A       61%         4


Dungeon Overview and Level Annotations

Branches:
Dungeon (1/15)

Altars:


Innate Abilities, Weirdness & Mutations

You are amphibious.
You cover ground slowly.
You can hop short distances.
You have an extended range of vision and can be seen from far away.


Message History

Found 4 stones.
There are monsters nearby!
There are monsters nearby!
There are monsters nearby!
The ball python hisses angrily.
Found a pair of glowing gloves.
There is an empty arch of ancient stone here.
The ball python attacks as you move away!
The ball python bites you. The ball python bites you.
The ball python barely misses you.
Casting: Summon Small Mammal (safe; 3% risk of failure)
Confirm with . or Enter, or press ? or * to list all spells.
The ball python barely misses you. x2; The quokka bites you.
* * * LOW HITPOINT WARNING * * *
The ball python barely misses you. x2
Unknown command.
Casting: Summon Small Mammal (safe; 3% risk of failure)
Confirm with . or Enter, or press ? or * to list all spells.
Your quokka misses the ball python.
The ball python bites you but does no damage.
The ball python barely misses you. The quokka barely misses you.
Unknown command.
Really attack while wielding nothing?
Okay, then.
Really attack while wielding nothing?
Okay, then.
There are monsters nearby!
c - a +0 whip (weapon)
Unknown command.
Unknown command.
You hit the ball python.
The ball python is heavily wounded.
Your bat hits the ball python. The ball python barely misses you.
The ball python misses you. The quokka bites you.
* * * LOW HITPOINT WARNING * * *
Your quokka bites the ball python.
The ball python dies!
The quokka barely misses you.
You completely miss the quokka. The quokka bites you.
You die...

....#.###.. ##...#..
.........b [..(...
........ r....
#.....###### ...##
###(...##♣.♣.###....#
#.....##♣......∩#
#...##.....b.##
#..##...♣..rr.#
#...∩......@..♣#####
#####............♣.##
#...............#
#.......8......♣#
##...........♣..#
###............#
#.∩............#
###............#
#............♣#


You could see a quokka (ally target), a friendly quokka (summoned) and a
friendly bat (summoned).

Vanquished Creatures (collateral kills)
  A ball python (D:1)
1 creature vanquished.

Notes
Turn   | Place    | Note
-------+----------+-------------------------------------------
     0 | D:1      | cdecastro the Barachi Summoner began the quest for the Orb.
     0 | D:1      | Reached XP level 1. HP: 13/13 MP: 3/3
    63 | D:1      | Slain by a quokka

Illustrated notes

Levels and vault maps discovered:
D:1:      nzn_arrival_settlement, layout_rooms,
          hellmonk_ecumenical_altar_run_dry, serial_shops, nicolae_square_shop

Action                   || total
-------------------------++-------
Melee: Whip              ||     2
 Cast: Summon Small Mamm ||     2
Armor: Robe              ||     1
Dodge: Dodged            ||    10
